 Dungeon Crawl Stone Soup version 0.30-a0-824-g6c64550be9 (webtiles) character file.

Game seed: 15849178199738198780

98463 demibob the Brawler (level 15, -2/149 HPs)
             Began as a Troll Chaos Knight on Feb 27, 2023.
             Was a Plaything of Xom.
             Slain by an Executioner (3 damage)
             ... summoned by Asterion
             ... on level 2 of the Spider Nest.
             The game lasted 00:47:12 (21164 turns).

demibob the Brawler (Troll Chaos Knight)           Turns: 21164, Time: 00:47:14

Health: -2/149     AC: 21    Str: 23    XL:     15   Next: 74%
Magic:  14/14      EV: 12    Int:  9    God:    Xom [....*.]
Gold:   2676       SH: 16    Dex: 23    Spells: 14/14 levels left

rFire   + + +      SeeInvis +      - Unarmed
rCold   . . .      Faith    .    x - +0 kite shield
rNeg    . . .      Spirit   .    O - +5 fire dragon scales
rPois   +          Reflect  +    n - +1 hat
rElec   +          Harm     .    J - scarf {rC+ rF+}
rCorr   .          Rampage  .    (gloves unavailable)
Will    +....      Clarity  +    (boots unavailable)
Stlth   +                        d - amulet of reflection
HPRegen 1.24/turn                v - ring of see invisible
MPRegen 0.14/turn                p - ring of Leirumnu {rElec rPois rF+ Dex+6}

@: mighty
A: large, unfitting armour, claws 3, regeneration 1, shaggy fur 1, tough skin 1,
hooves 1, iridescent scales 1, agile 1, clarity, inability to drink after injury
1, MP-powered wands, sturdy frame 1
a: Renounce Religion


You were on level 2 of the Spider Nest.
You worshipped Xom.
You were a beloved toy of Xom.
You visited 4 branches of the dungeon, and saw 24 of its levels.
You also visited: Ice Cave and Volcano.

You collected 2676 gold pieces.


Innate Abilities, Weirdness & Mutations

You are too large for most types of armour.
You have claws for hands.
Your natural rate of healing is unusually fast.
You are covered in fur. (AC +1)
You have tough skin. (AC +1)
You have large cloven feet.
You are partially covered in iridescent scales. (AC +2)
You are agile. (Dex +4, Str/Int -1)
You possess an exceptional clarity of mind.
You occasionally lose the ability to drink potions when taking damage.
You expend magic power (3 MP) to strengthen your wands.
Your movements are slightly less encumbered by armour. (ER -2)


   Skills:
 - Level 10.1 Fighting
 - Level 13.1 Throwing
 - Level 10.6 Armour
 - Level 6.9 Dodging
 + Level 4.5 Shields
 - Level 16.4 Unarmed Combat


You had 14 spell levels left.
You didn't know any spells.
Your spell library contained the following spells:

 Spells                   Type           Power      Damage    Failure   Level
 Apportation              Tloc           0%         N/A       86%         1
 Cigotuvi's Dreadful Rot  Necr/Pois/Air  0%         N/A       95%         2
 Poisonous Vapours        Pois/Air       0%         N/A       95%         2
 Ignite Poison            Fire/Tmut/Pois 0%         N/A       99%         3
 Inner Flame              Hex/Fire       0%         N/A       99%         3
 Kindle Blastsparks       Fire/Tloc/Air  0%         2d10      99%         3
 Mephitic Cloud           Conj/Pois/Air  0%         N/A       99%         3
 Cause Fear               Hex            0%         N/A       100%        4
 Alistair's Intoxication  Tmut/Pois      0%         N/A       100%        5
 Freezing Cloud           Conj/Ice/Air   0%         6-21      100%        5
 Discord                  Hex            0%         N/A       100%        8

Inventory:

Hand Weapons
 I - a +0 war axe of flaming
Missiles
 f - 16 atropa-tipped darts
 k - 2 throwing nets {=f}
 D - 27 large rocks (quivered) {=f}
Armour
 n - a +1 hat (worn)
 x - a +0 kite shield (worn)
 J - a scarf of resistance (worn)
 O - +5 fire dragon scales (worn)
Jewellery
 d - an amulet of reflection (around neck)
 m - a ring of magical power
 p - the ring of Leirumnu (right claw) {rElec rPois rF+ Dex+6}
   (You found it in an ice cave)

   [ring of poison resistance]

   Dex:       It affects your dexterity (+6).
   rF:        It protects you from fire.
   rElec:     It insulates you from electricity.
   rPois:     It protects you from poison.
 v - a ring of see invisible (left claw)
 E - the ring of Compassion {rC+ Stlth+}
   (You found it in an ice cave)

   [ring of protection from cold]

   rC:        It protects you from cold.
   Stlth:     It makes you more stealthy.
 F - a ring of protection from fire
 T - an amulet of guardian spirit
Wands
 q - a wand of mindburst (16)
 r - a wand of paralysis (24)
 u - a wand of flame (32)
 C - a wand of light (11)
 G - a wand of polymorph (6)
 M - a wand of iceblast (7)
 N - a wand of digging (5)
Scrolls
 a - 5 scrolls of fog
 h - 4 scrolls of immolation
 l - 2 scrolls of magic mapping
 o - 7 scrolls of identify {@r1}
 t - 4 scrolls of amnesia
 y - a scroll of enchant weapon
 R - a scroll of poison
Potions
 c - a potion of ambrosia
 g - 5 potions of degeneration
 i - 4 potions of attraction
 j - 2 potions of flight
 s - 4 potions of magic
 w - 3 potions of curing {@q1}
 z - 3 potions of cancellation
 A - 5 potions of invisibility
 B - a potion of heal wounds {@q2}
 K - 3 potions of brilliance
 L - 3 potions of resistance
 P - 2 potions of mutation
 S - a potion of haste {@q3}
Miscellaneous
 b - a piece from Xom's chessboard (15/15)
 H - a phantom mirror
 Q - a condenser vane (inert)

Dungeon Overview and Level Annotations

Branches:
Dungeon (15/15)            Temple (0/1) D:5            Lair (5/5) D:11
 Shoals (0/4) Lair:2       Spider (2/4) Lair:2        Slime (0/5) Lair:5
    Orc (2/2) D:10            Elf (0/3) Orc:2        Vaults (0/5) D:14
 Depths (0/4) D:15          IceCv (visited)         Volcano (visited)

Altars:
Ashenzari
Dithmenos
Gozag
Makhleb
Okawaru
Sif Muna
Uskayaw
Vehumet
Xom
Zin
Jiyva

Shops:
D:11 :   D:13 =   Orc:2 :[([

Annotations:
Spider:2 Asterion

. .. ..H
.... ##### #
#<(##.#>##.#
#..sH@.....#
##.s1s....##
#...#..##..#
########
..... #..#
...# ###


You could see Asterion (fast), an Executioner (summoned, fast), a culicivora, a
tarantella and a redback.


Message History

The Executioner hits you but does no damage.
Asterion completely misses you. Asterion closely misses you.
The redback bites you!
* * * LOW HITPOINT WARNING * * *
You scratch Asterion but do no damage. Asterion blocks your attack.
Asterion is moderately wounded.
The Executioner barely misses you.
The Executioner hits you but does no damage.
You block the Executioner's attack. The Executioner barely misses you.
The Executioner hits you but does no damage.
The Executioner hits you.
* * * LOW HITPOINT WARNING * * *
Asterion hits you!
* * * LOW HITPOINT WARNING * * *
Asterion gores you but does no damage. The redback completely misses you.
The Executioner hits you!
* * * LOW HITPOINT WARNING * * *
The Executioner hits you.
* * * LOW HITPOINT WARNING * * *
You block the Executioner's attack.
You mangle Asterion!! You kick Asterion, but do no damage.
Asterion is severely wounded.
You block the Executioner's attack. x2
The Executioner hits you but does no damage.
Asterion barely misses you. You block Asterion's attack.
The Executioner hits you.
* * * LOW HITPOINT WARNING * * *
The Executioner hits you.
You die...
Xom cackles wildly!

Skill      XL: |  1  2  3  4  5  6  7  8  9 10 11 12 13 14 15 |
---------------+----------------------------------------------+-----
Unarmed Combat | 4 5 6 8 9 12 13 15 16 | 16.4
Dodging        | 4 6 |  6.9
Fighting       | 5 8 10 | 10.1
Armour         | 2 7 10 | 10.6
Throwing       | 7 10 12 13 | 13.1
Shields        | 4 |  4.5

Action                     |  1- 3 |  4- 6 |  7- 9 | 10-12 | 13-15 || total
---------------------------+-------+-------+-------+-------+-------++-------
  Melee: Unarmed           |   110 |   163 |   187 |   534 |  1150 ||  2144
         Punch             |     3 |     5 |     6 |    47 |   120 ||   181
         Headbutt          |       |       |       |    77 |   173 ||   250
         Kick              |       |       |       |       |    90 ||    90
  Throw: Dart              |       |       |       |     6 |       ||     6
         Large rock        |       |       |       |       |    15 ||    15
  Evoke: Piece from Xom's  |       |     1 |     1 |       |       ||     2
         Wand              |       |       |       |     1 |    11 ||    12
         Condenser vane    |       |       |       |       |     1 ||     1
    Use: Scroll            |       |     8 |     8 |    12 |    15 ||    43
         Potion            |       |     7 |       |     8 |    19 ||    34
   Stab: Sleeping          |     2 |     2 |       |       |     1 ||     5
         Invisible         |       |     2 |       |       |       ||     2
         Confused          |       |       |     1 |     2 |    13 ||    16
         Distracted        |       |       |       |       |     1 ||     1
 Armour: Robe              |    50 |    85 |    52 |    12 |       ||   199
         Acid dragon scale |       |       |       |   120 |   139 ||   259
         Fire dragon scale |       |       |       |       |   282 ||   282
  Dodge: Dodged            |    49 |   136 |    79 |   234 |   510 ||  1008
  Block: Other             |       |       |    13 |    99 |   180 ||   292
         Kite shield       |       |       |       |       |    84 ||    84

Levels and vault maps discovered:
D:1:      dpeg_arrival_simpleton_a, layout_loops_ring, nicolae_eternal_life,
          patterned_corridor
D:2:      layout_loops_ring, minmay_octomino_j4
D:3:      layout_rooms, grunt_temple_overflow_order_and_chaos_2,
          mainiacjoe_overflow_catwalk_spiral,
          mainiacjoe_overflow_concentric_impassable,
          hellmonk_ecumenical_altar_leap_of_faith, uniq_natasha
D:4:      layout_cave_pods, bh_walls_and_bars
D:5:      nicolae_cairo_tiling, layout_loops_ring,
          lemuel_coloured_pillars_altar,
          nicolae_gozag_cash_rules_everything_around_me,
          nicolae_uskayaw_suspiria, minmay_temple_entry_statues_fountains,
          uniq_grinder, uniq_eustachio, uniq_menkaure
D:6:      layout_rooms, uniq_pikel
D:7:      layout_loops_ring, uniq_maggie
D:8:      layout_cave_pools, nicolae_overflow_hidden_temple,
          minmay_crystal_water
D:9:      layout_cave_pools, hangedman_weighted_door
D:10:     layout_small_grid, david_orc_4, uniq_harold
D:11:     layout_stronghold, grunt_lair_entry_orc_guard_hut, serial_shops, shop,
          evilmike_ruin_ashenzari
D:12:     layout_irregular_city, drop_trap
D:13:     kennysheep_ambush_hall, layout_small_grid, serial_shops, shop
D:14:     layout_gridville, erik_vaults_1, columned_hall_lemuel, uniq_nessos,
          uniq_snorg
D:15:     grunt_enter_depths_snipers, layout_basic, grunt_decor_cap
Lair:1:   layout_small_grid
Lair:2:   layout_gridlike, elwin_shoals_entry_stream,
          nicolae_spider_entry_tight_spaces, dreamdust_mushroom_princess,
          roderic_batcave, minivault_19, infiniplex_staircase_pool_2
Lair:3:   layout_regular_city, minivault_24
Lair:4:   layout_roguey, lemuel_fruit_tree, lemuel_fruit_fields
Lair:5:   minmay_lair_end_enchanted_forest, layout_hall_layers,
          minmay_slime_entry_pillars, small_statue_intersection,
          bobbens_ice_dragon_lair, grunt_megastairs_3, serial_bayou_shore_b
Spider:1: layout_cave_pods, uniq_donald
Spider:2: layout_spider_delve, uniq_roxanne, uniq_asterion, uniq_nikola
Orc:1:    layout_caves, nicolae_volcano_entry_batcave
Orc:2:    grunt_orc_community_town_hall, layout_caves,
          grunt_orc_community_big_house_1, grunt_orc_community_big_house_2,
          grunt_orc_community_house_2, grunt_orc_community_house_3,
          grunt_orc_community_house_1, grunt_orc_community_house_3,
          grunt_orc_community_house_1, grunt_orc_community_house_1, basic_altar,
          portal_ice_cave_entry_ice_simulacra, abandoned_shop

Notes
Turn   | Place    | Note
-------+----------+-------------------------------------------
     0 | D:1      | demibob the Troll Chaos Knight began the quest for the Orb.
     0 | D:1      | Reached XP level 1. HP: 22/22 MP: 0/0
    77 | D:1      | Reached XP level 2. HP: 26/29 MP: 1/1
   272 | D:1      | XOM: silly message
   283 | D:1      | XOM: cast spell 'Cause Fear'
   356 | D:1      | XOM is BORED!
   397 | D:1      | Reached skill level 4 in Unarmed Combat
   481 | D:1      | Reached XP level 3. HP: 36/36 MP: 2/2
  1110 | D:2      | XOM: divination: magic mapping
  1292 | D:2      | Reached XP level 4. HP: 44/44 MP: 3/3
  1362 | D:2      | Reached skill level 5 in Unarmed Combat
  1607 | D:3      | Found a burning altar of Makhleb.
  1662 | D:3      | Noticed Natasha
  1662 | D:3      | XOM: divination: detect creatures
  1671 | D:3      | Killed Natasha
  1684 | D:3      | Found a faded altar of an unknown god.
  1693 | D:3      | Found a radiant altar of Vehumet.
  1717 | D:3      | XOM: enchant monster (bad)
  1724 | D:3      | Reached XP level 5. HP: 32/50 MP: 4/4
  1788 | D:3      | Found a shadowy altar of Dithmenos.
  1788 | D:3      | Noticed Natasha
  1793 | D:3      | Killed Natasha
  1794 | D:3      | Reached skill level 6 in Unarmed Combat
  1862 | D:3      | Found a glowing silver altar of Zin.
  1863 | D:3      | Noticed a blizzard demon
  1863 | D:3      | Noticed an angel
  1904 | D:3      | XOM: noise
  1909 | D:3      | Noticed Natasha
  1917 | D:3      | XOM: confuse monster(s)
  1919 | D:3      | Killed Natasha
  1919 | D:3      | XOM: give mutation
  1919 | D:3      | Gained mutation: You are frail. (-10% HP) [Xom's mischief]
  2119 | D:4      | Reached XP level 6. HP: 41/53 MP: 5/5
  2185 | D:4      | Reached skill level 7 in Unarmed Combat
  2192 | D:4      | XOM: summons 4 hostile shadow creatures
  2220 | D:4      | XOM: summons 4 hostile demons
  2957 | D:5      | Entered Level 5 of the Dungeon
  2996 | D:5      | Noticed Eustachio
  3000 | D:5      | XOM: noise
  3002 | D:5      | XOM: destruction
  3022 | D:5      | Noticed Menkaure
  3026 | D:5      | Killed Menkaure
  3027 | D:5      | Reached skill level 8 in Unarmed Combat
  3027 | D:5      | Reached XP level 7. HP: 19/59 MP: 6/6
  3027 | D:5      | Killed Eustachio
  3091 | D:5      | Noticed Grinder
  3095 | D:5      | XOM: cleaving
  3104 | D:5      | Killed Grinder
  3105 | D:5      | Reached skill level 9 in Unarmed Combat
  3115 | D:5      | Found a staircase to the Ecumenical Temple.
  3140 | D:5      | XOM: cleaving
  3162 | D:5      | Found a hide-covered altar of Uskayaw.
  3186 | D:5      | XOM: destruction
  3187 | D:5      | Reached XP level 8. HP: 66/66 MP: 7/7
  3192 | D:5      | Reached skill level 10 in Unarmed Combat
  3208 | D:5      | XOM: scenery: create altars
  3652 | D:5      | Found an opulent altar of Gozag.
  3688 | D:5      | Found an iron altar of Okawaru.
  3738 | D:5      | You fall into a shaft and drop 3 floors!
  3764 | D:8      | XOM: summons 8 friendly demons
  3770 | D:8      | Reached skill level 11 in Unarmed Combat
  3787 | D:8      | Identified the +10 mace of Slimy Optimality {heavy, rF+
                  | Int+4}
  3794 | D:8      | XOM: 1-stop teleportation journey
  3798 | D:8      | Noticed a two-headed ogre
  3800 | D:8      | XOM: confuse monster(s)
  3809 | D:8      | XOM: noise
  3817 | D:8      | Killed a two-headed ogre
  3818 | D:8      | Reached skill level 12 in Unarmed Combat
  3818 | D:8      | Reached XP level 9. HP: 58/72 MP: 8/8
  3902 | D:8      | Identified the +1 leather armour "Diuzxed" {rElec MP+9
                  | Dex+7}
  4020 | D:8      | XOM: cloud trail
  4144 | D:8      | Reached skill level 13 in Unarmed Combat
  4383 | D:9      | Reached skill level 2 in Dodging
  4424 | D:9      | XOM: silly message
  4482 | D:9      | Reached skill level 3 in Dodging
  4583 | D:9      | Identified the +8 long sword "Umotezudd" {protect, Fragile
                  | rF++ rC+ Int+2}
  4592 | D:9      | Noticed a two-headed ogre
  4606 | D:9      | Killed a two-headed ogre
  4607 | D:9      | Reached skill level 4 in Dodging
  4609 | D:9      | XOM: summons 9 friendly demons
  4611 | D:9      | Reached XP level 10. HP: 73/79 MP: 9/9
  4687 | D:9      | XOM: 7-stop teleportation journey
  4698 | D:9      | Reached skill level 14 in Unarmed Combat
  4700 | D:9      | Reached skill level 5 in Dodging
  4740 | D:9      | XOM: divination: detect items
  4969 | D:10     | Entered Level 10 of the Dungeon
  4999 | D:10     | XOM: confusion (+ monsters)
  5112 | D:10     | Noticed a two-headed ogre
  5115 | D:10     | Lost mutation: You are frail. (-10% HP) [potion of
                  | mutation]
  5115 | D:10     | Gained mutation: You occasionally lose the ability to read
                  | scrolls when taking damage. [potion of mutation]
  5115 | D:10     | Noticed Harold
  5121 | D:10     | XOM: noise
  5124 | D:10     | Killed a two-headed ogre
  5124 | D:10     | Noticed a gargoyle
  5125 | D:10     | Reached skill level 6 in Dodging
  5129 | D:10     | XOM: cast spell 'Alistair's Intoxication'
  5130 | D:10     | Killed Harold
  5134 | D:10     | HP: 3/132 [gargoyle/stone arrow (21)]
  5137 | D:10     | XOM: silly message
  5138 | D:10     | XOM: summons 5 friendly demons
  5140 | D:10     | XOM: noise
  5141 | D:10     | XOM: confusion (+ monsters)
  5148 | D:10     | XOM: blink monster(s)
  5151 | D:10     | XOM: confusion (+ monsters)
  5152 | D:10     | HP: 8/86 [gargoyle/stone arrow (20)]
  5159 | D:10     | Killed a gargoyle
  5165 | D:10     | Reached skill level 15 in Unarmed Combat
  5351 | D:10     | Identified a scarf of resistance
  5421 | D:10     | XOM: give mutations
  5421 | D:10     | Gained mutation: Your body sometimes deteriorates upon
                  | taking damage. [Xom's mischief]
  5421 | D:10     | Gained mutation: You occasionally lose the ability to drink
                  | potions when taking damage. [Xom's mischief]
  5608 | D:10     | XOM: summons 6 hostile demons
  5663 | D:10     | Found a staircase to the Orcish Mines.
  5848 | D:11     | Reached XP level 11. HP: 96/96 MP: 10/10
  5876 | D:11     | Found a broken altar of Ashenzari.
  5960 | D:11     | Noticed a brown ugly thing
  5970 | D:11     | Killed a brown ugly thing
  5971 | D:11     | Reached skill level 3 in Fighting
  5971 | D:11     | Reached skill level 1 in Armour
  6034 | D:11     | Noticed a purple ugly thing
  6052 | D:11     | Killed a purple ugly thing
  6053 | D:11     | Reached skill level 2 in Armour
  6227 | D:7      | Noticed Maggie
  6235 | D:7      | XOM: chaos upgrade
  6239 | D:7      | XOM: confusion
  6248 | D:7      | Killed Maggie
  6732 | D:7      | XOM: silly message
  6818 | D:7      | Reached skill level 1 in Throwing
  6962 | D:7      | XOM: enchant monster (bad)
  6965 | D:7      | Reached skill level 4 in Fighting
  7013 | D:6      | Reached skill level 2 in Throwing
  7060 | D:6      | Noticed Pikel
  7067 | D:6      | XOM: 2-stop teleportation journey
  7132 | D:6      | Killed Pikel
  7133 | D:6      | Reached skill level 3 in Throwing
  7145 | D:6      | Identified the +6 rapier of Saltpetre {heavy, Dex+5}
  7287 | D:6      | Reached skill level 4 in Throwing
  7664 | D:3      | Found a shimmering blue altar of Sif Muna.
  7689 | D:3      | XOM: fog
  7914 | D:11     | Found Hexuck's Book Boutique.
  7920 | D:11     | XOM: give mutations
  7920 | D:11     | Gained mutation: You have a pair of small horns on your
                  | head. [Xom's grace]
  7920 | D:11     | Gained mutation: Your muscles are strong. (Str +4, Int/Dex
                  | -1) [Xom's grace]
  7920 | D:11     | Gained mutation: You passively dampen the noise of your
                  | surroundings. [Xom's grace]
  7940 | D:11     | Noticed a boulder beetle
  7941 | D:11     | XOM: scenery: create altars
  7954 | D:11     | XOM: divine lightning
  7957 | D:11     | Killed a boulder beetle
  8092 | D:11     | Reached skill level 5 in Throwing
  8193 | D:11     | XOM: give mutation
  8193 | D:11     | Gained mutation: You are partially covered in iridescent
                  | scales. (AC +2) [Xom's grace]
  8234 | D:11     | Reached skill level 6 in Throwing
  8270 | D:11     | Found a staircase to the Lair.
  8546 | D:11     | Noticed a two-headed ogre
  8547 | D:11     | XOM: summons 2 friendly demons
  8552 | D:11     | Killed a two-headed ogre
  8669 | Lair:1   | Entered Level 1 of the Lair of Beasts
  8705 | Lair:1   | XOM: polymorph yak -> komodo dragon
  8717 | Lair:1   | XOM: summons friendly crimson imp
  8718 | Lair:1   | XOM: blink monster(s)
  8721 | Lair:1   | XOM: cleaving
  8773 | D:11     | Reached skill level 5 in Fighting
  8778 | D:11     | Reached skill level 7 in Throwing
  8812 | Lair:1   | Reached XP level 12. HP: 97/111 MP: 11/11
  8952 | Lair:1   | XOM: stat loss: -1 Int (6/7)
  8970 | Lair:1   | XOM: give mutations
  8970 | Lair:1   | Gained mutation: You have an increased reservoir of magic.
                  | (+10% MP) [Xom's grace]
  8970 | Lair:1   | Gained mutation: Your movements are slightly less
                  | encumbered by armour. (ER -2) [Xom's grace]
  8970 | Lair:1   | Gained mutation: You expend magic power (3 MP) to
                  | strengthen your wands. [Xom's grace]
  9074 | Lair:1   | XOM: give mutation
  9074 | Lair:1   | Gained mutation: Your flesh is cold resistant. (rC+) [Xom's
                  | grace]
  9075 | Lair:1   | XOM: blink monster(s)
  9228 | Lair:1   | XOM: give mutations
  9228 | Lair:1   | Gained mutation: You are agile. (Dex +4, Str/Int -1) [Xom's
                  | grace]
  9228 | Lair:1   | Gained mutation: You are very agile. (Dex +8, Str/Int -2)
                  | [Xom's grace]
  9228 | Lair:1   | Gained mutation: Your muscles are very strong. (Str +8,
                  | Int/Dex -2) [Xom's grace]
  9503 | Lair:1   | Identified a scroll of acquirement
  9503 | Lair:1   | Acquired a +0 war axe of flaming
  9534 | Lair:2   | XOM: 1-stop teleportation journey
  9655 | Lair:2   | Reached skill level 6 in Fighting
  9712 | Lair:2   | XOM: 6-stop teleportation journey
  9746 | Lair:2   | XOM: smoke on damage
  9750 | Lair:2   | Reached skill level 8 in Throwing
  9851 | Lair:2   | XOM is BORED!
  9881 | Lair:2   | XOM: give mutation
  9881 | Lair:2   | Gained mutation: Your flesh is very cold resistant. (rC++)
                  | [Xom's grace]
  9958 | Lair:2   | XOM: fog
 10049 | Lair:2   | XOM: confuse monster(s)
 10207 | Lair:2   | Found a staircase to the Shoals.
 10285 | Lair:2   | XOM: scenery: summon butterflies
 10332 | Lair:2   | Reached skill level 7 in Fighting
 10439 | Lair:2   | Found a hole to the Spider Nest.
 10771 | Lair:2   | Identified 3 potions of resistance
 10794 | Lair:3   | Reached skill level 9 in Throwing
 10976 | Lair:3   | XOM: fake destruction
 11116 | Lair:3   | Identified the +5 quarterstaff of Notaraez {heavy, Drain
                  | rPois rF+ Dex+2}
 11210 | Lair:3   | XOM: god gift: 56 gold pieces
 11233 | Lair:3   | Reached skill level 8 in Fighting
 11416 | Lair:3   | XOM: god gift: potion of curing
 11419 | Lair:3   | XOM: scenery: summon butterflies
 11429 | Lair:3   | XOM: polymorph butterfly -> shapeshifter
 11451 | Lair:3   | XOM: god gift: 8 stones
 11487 | Lair:3   | XOM: divination: detect creatures
 11617 | Lair:4   | XOM: fog
 11679 | Lair:4   | You fall into a shaft and drop 1 floor!
 11679 | Lair:5   | Entered Level 5 of the Lair of Beasts
 11679 | Lair:5   | Noticed a six-headed hydra
 11682 | Lair:5   | XOM: cleaving
 11692 | Lair:4   | Noticed a death yak
 11693 | Lair:4   | XOM: divination: magic mapping
 11693 | Lair:4   | Noticed a death yak
 11695 | Lair:4   | Noticed a death yak
 11696 | Lair:4   | Noticed a death yak
 11696 | Lair:4   | Noticed a death yak
 11698 | Lair:4   | Noticed a death yak
 11699 | Lair:4   | XOM: cast spell 'Alistair's Intoxication'
 11712 | Lair:4   | XOM: scenery: create altars
 11786 | Lair:4   | Identified the +7 dagger of Dominance {flame, Str+5}
 11821 | Lair:4   | Reached skill level 10 in Throwing
 11821 | Lair:4   | Reached XP level 13. HP: 121/127 MP: 13/13
 11923 | Lair:4   | XOM: potion effect (might)
 12060 | Lair:4   | XOM: snakes to sticks
 12150 | Lair:4   | XOM: summons 4 friendly demons
 12166 | Lair:4   | Reached skill level 9 in Fighting
 12169 | Lair:4   | XOM: fog
 12188 | Lair:4   | Reached skill level 11 in Throwing
 12680 | Lair:5   | XOM: scenery: create altars
 12689 | Lair:5   | Found a staircase to the Slime Pits.
 12691 | Lair:5   | Found a viscous altar of Jiyva.
 12706 | Lair:5   | XOM: 1-stop teleportation journey
 12772 | Lair:5   | XOM: polymorph blink frog -> human
 12773 | Lair:5   | XOM: destruction
 12784 | Lair:5   | XOM: summons 5 friendly demons
 12814 | Lair:5   | XOM: enchant monster (good)
 12832 | Lair:5   | XOM: fog
 12870 | Lair:5   | Identified the +0 pair of gloves "Paokahin" {rPois Str+4}
 12945 | Lair:5   | XOM: confuse monster(s)
 12949 | Lair:5   | Reached skill level 10 in Fighting
 13022 | Lair:5   | XOM: confuse monster(s)
 13023 | Lair:5   | XOM: polymorph elephant -> cyclops
 13035 | Lair:5   | XOM: summons 13 friendly demons
 13050 | Lair:5   | Reached skill level 12 in Throwing
 13126 | Lair:5   | XOM: 1-stop teleportation journey
 13188 | Lair:5   | XOM: cast spell 'Summon Hydra'
 13264 | Lair:5   | XOM: scenery: create altars
 13306 | Lair:5   | XOM: enchant monster (bad)
 13353 | Lair:5   | Reached XP level 14. HP: 130/143 MP: 14/14
 13565 | Lair:5   | XOM: polymorph wolf -> shapeshifter
 13567 | Lair:5   | XOM: swap monsters
 13570 | Lair:5   | XOM: noise
 13609 | Lair:5   | XOM: confusion
 13792 | Lair:5   | Reached skill level 16 in Unarmed Combat
 13796 | Lair:5   | XOM: give mutation
 13796 | Lair:5   | Lost mutation: You expend magic power (3 MP) to strengthen
                  | your wands. [Xom's mischief]
 14180 | Orc:1    | Entered Level 1 of the Orcish Mines
 14253 | Orc:1    | XOM: polymorph orc warrior -> tengu
 14590 | Orc:1    | Found a dark tunnel.
 14600 | Volcano  | Entered a volcano
 14625 | Volcano  | Reached skill level 13 in Throwing
 14625 | Volcano  | Found a bloodstained altar of Trog.
 14631 | Volcano  | XOM: stat loss: -1 Int (3/4)
 14767 | Orc:2    | Entered Level 2 of the Orcish Mines
 14821 | Orc:2    | Found a frozen archway.
 14836 | Orc:2    | XOM: chaos upgrade
 14906 | IceCv    | Entered an ice cave
 14932 | IceCv    | Reached skill level 3 in Armour
 14988 | IceCv    | XOM: noise
 15096 | IceCv    | Reached skill level 4 in Armour
 15164 | IceCv    | Found a viscous altar of Jiyva.
 15164 | IceCv    | Noticed an azure jelly
 15172 | IceCv    | Killed an azure jelly
 15175 | IceCv    | Noticed an azure jelly
 15180 | IceCv    | XOM: swap monsters
 15183 | IceCv    | Killed an azure jelly
 15184 | IceCv    | Reached skill level 5 in Armour
 15198 | IceCv    | Identified the ring of Leirumnu {rElec rPois rF+ Dex+6}
 15201 | IceCv    | Got the ring of Compassion {rC+ Stlth+}
 15252 | IceCv    | XOM: torment (73/143 hp)
 15466 | Orc:2    | Found a staircase to the Elven Halls.
 15687 | Orc:2    | XOM: stat loss: -1 Dex (24/25)
 15860 | Orc:2    | Found Cogac's Antique Armour Shop.
 15924 | Orc:2    | XOM: give mutation
 15924 | Orc:2    | Lost mutation: Your flesh is very cold resistant. (rC++)
                  | [Xom's mischief]
 15932 | Orc:2    | XOM: blink monster(s)
 15975 | Orc:2    | Noticed an orc warlord
 15977 | Orc:2    | XOM: divination: magic mapping
 15982 | Orc:2    | XOM: confuse monster(s)
 15989 | Orc:2    | Killed an orc warlord
 15990 | Orc:2    | Reached skill level 6 in Armour
 16054 | Orc:2    | Found Wevo's Antique Weapon Shoppe.
 16057 | Orc:2    | Found Pirett's Antique Armour Emporium.
 16355 | Orc:2    | Found Kareh's Book Shoppe.
 16357 | Orc:2    | XOM: enchant monster (bad)
 16544 | D:12     | XOM: polymorph centaur warrior -> shapeshifter
 16692 | D:12     | Reached skill level 7 in Armour
 16746 | D:12     | XOM: summons 2 hostile shadow creatures
 16752 | D:12     | XOM: noise
 16979 | D:12     | XOM: give mutation
 16979 | D:12     | Lost mutation: You have a pair of small horns on your head.
                  | [Xom's mischief]
 17002 | D:12     | XOM: swap monsters
 17365 | D:13     | Reached XP level 15. HP: 94/149 MP: 15/15
 17433 | D:13     | XOM: noise
 17440 | D:13     | Reached skill level 8 in Armour
 17457 | D:13     | XOM: swap monsters
 17645 | D:13     | XOM: silly message
 17647 | D:13     | XOM: summons 8 hostile demons
 17944 | D:13     | Found Qubrurr's Jewellery Boutique.
 18282 | D:14     | Found a gate to the Vaults.
 18361 | D:14     | Noticed Nessos
 18379 | D:14     | Killed Nessos
 18380 | D:14     | Reached skill level 9 in Armour
 18468 | D:14     | Noticed Snorg
 18482 | D:14     | Killed Snorg
 18559 | D:14     | XOM: silly message
 18862 | D:14     | XOM: give mutations
 18862 | D:14     | Lost mutation: You passively dampen the noise of your
                  | surroundings. [Xom's mischief]
 18862 | D:14     | Gained mutation: You occasionally shout uncontrollably at
                  | your foes. [Xom's mischief]
 18862 | D:14     | Lost mutation: Your muscles are very strong. (Str +8,
                  | Int/Dex -2) [Xom's mischief]
 18863 | D:14     | Lost mutation: Your body sometimes deteriorates upon taking
                  | damage. [potion of mutation]
 18863 | D:14     | Lost mutation: You occasionally lose the ability to read
                  | scrolls when taking damage. [potion of mutation]
 18863 | D:14     | Lost mutation: You have an increased reservoir of magic.
                  | (+10% MP) [potion of mutation]
 18863 | D:14     | Lost mutation: Your muscles are strong. (Str +4, Int/Dex
                  | -1) [potion of mutation]
 18863 | D:14     | Gained mutation: You have large cloven feet. [potion of
                  | mutation]
 18863 | D:14     | Gained mutation: You expend magic power (3 MP) to
                  | strengthen your wands. [potion of mutation]
 18864 | D:14     | Lost mutation: You have large cloven feet. [potion of
                  | mutation]
 18864 | D:14     | Lost mutation: You are very agile. (Dex +8, Str/Int -2)
                  | [potion of mutation]
 18864 | D:14     | Lost mutation: Your flesh is cold resistant. (rC+) [potion
                  | of mutation]
 18864 | D:14     | Gained mutation: You have large cloven feet. [potion of
                  | mutation]
 18864 | D:14     | Lost mutation: You occasionally shout uncontrollably at
                  | your foes. [potion of mutation]
 18864 | D:14     | Gained mutation: You possess an exceptional clarity of
                  | mind. [potion of mutation]
 18923 | D:15     | Entered Level 15 of the Dungeon
 18935 | D:15     | XOM: confuse monster(s)
 19011 | D:15     | Identified the +8 hand axe of Plague {pain, rC+ Will+ Str+2
                  | Dex+3}
 19041 | D:15     | Reached skill level 10 in Armour
 19066 | D:15     | XOM: polymorph boulder beetle -> ghost moth
 19073 | D:15     | XOM: summons friendly shadow imp
 19203 | D:15     | XOM: 5-stop teleportation journey
 19277 | D:15     | XOM: divination: detect creatures
 19297 | D:15     | XOM: potion effect (haste)
 19451 | D:15     | Found a staircase to the Depths.
 20116 | Spider:1 | Entered Level 1 of the Spider Nest
 20135 | Spider:1 | Noticed Donald
 20155 | Spider:1 | XOM: divination: magic mapping
 20163 | Spider:1 | XOM: confuse monster(s)
 20165 | Spider:1 | Killed Donald
 20226 | Spider:1 | XOM: summons friendly shadow imp
 20238 | Spider:1 | Reached skill level 1 in Shields
 20245 | Spider:1 | XOM: divine lightning
 20281 | Spider:1 | Reached skill level 2 in Shields
 20369 | Spider:1 | XOM: confuse monster(s)
 20371 | Spider:1 | XOM: summons 5 friendly demons
 20377 | Spider:1 | Reached skill level 3 in Shields
 20414 | Spider:1 | XOM: noise
 20605 | Spider:1 | XOM: scenery: summon butterflies
 20998 | Spider:2 | XOM: scenery: create altars
 20999 | Spider:2 | XOM: scenery: create altars
 21013 | Spider:1 | XOM: polymorph culicivora -> black mamba
 21021 | Spider:1 | Reached skill level 4 in Shields
 21024 | Spider:1 | XOM: swap monsters
 21128 | Spider:2 | XOM: 3-stop teleportation journey
 21146 | Spider:2 | Noticed Asterion
 21159 | Spider:2 | Noticed an Executioner
 21160 | Spider:2 | >>game over
 21163 | Spider:2 | HP: 8/149 [Executioner[Asterion] (17)]
 21163 | Spider:2 | HP: 3/149 [Executioner[Asterion] (5)]
 21164 | Spider:2 | HP: 1/149 [Executioner[Asterion] (3)]
 21164 | Spider:2 | Slain by an Executioner

Vanquished Creatures
  Donald (Spider:1)
  2 azure jellies (IceCv)
  A ghost moth (D:15)
  An orc warlord (Orc:2)
  Nessos (D:14)
  A stone giant (D:15)
  A red draconian (Volcano)
  Snorg (D:14)
  An ice dragon (Lair:5)
  5 hydras
  Harold (D:10)
  A catoblepas (D:13)
  A centaur warrior (D:14)
  2 dancing weapons (D:14)
  3 two-headed ogres
  5 boulder beetles
  8 death yaks
  5 tengu warriors
  2 orc high priests (Orc:2)
  4 skysharks
  A salamander mystic (Volcano)
  2 orb spiders
  Pikel (D:6)
  An orc knight (Orc:2)
  4 deep elf pyromancers
  4 ugly things
  4 wolf spiders
  7 cyclopes
  3 salamanders (Volcano)
  8 elephants
  2 demonic crawlers (Spider:1)
  4 black mambas
  Maggie (D:7)
  2 gargoyles (D:14)
  3 rime drakes
  A spectral unseen horror (D:9)
  A komodo dragon (shapeshifter) (D:15)
  A rime drake (shapeshifter) (D:12)
  2 kobold demonologists
  6 cane toads
  12 komodo dragons
  2 freezing wraiths (D:15)
  An efreet (D:15)
  2 trolls (Orc:1)
  A tengu conjurer (D:15)
  An unseen horror skeleton (D:9)
  4 merfolk (Lair:2)
  4 polar bears (Lair:5)
  Grinder (D:5)
  3 blink frogs (Lair:5)
  4 hornets (Lair:5)
  5 tarantellas
  12 dream sheep
  A jumping spider (Lair:2)
  A spriggan (shapeshifter) (D:13)
  12 spriggans (Lair:5)
  22 slime creatures
  2 vampires
  A shadow (D:9)
  7 culicivoras
  A centaur simulacrum (D:15)
  A wyvern (Lair:4)
  Eustachio (D:5)
  2 wraiths
  54 yaks
  9 fire bats
  A golden eye (shapeshifter) (Lair:5)
  A basilisk (D:14)
  A human (Lair:5)
  15 redbacks
  A steam dragon (Lair:4)
  8 vampire mosquitoes
  Menkaure (D:5)
  2 wargs (Orc:2)
  2 acid dragons
  12 water moccasins
  4 great orb of eyes simulacra (IceCv)
  An ice beast (D:6)
  32 orc warriors
  5 black bears
  A sky beast (D:6)
  4 ogres
  4 boggarts (Lair:5)
  26 wolves
  A tengu (Orc:1)
  2 centaurs
  A phantom (D:5)
  A lemure (D:6)
  5 slime creature simulacra (IceCv)
  3 kobold brigands
  14 bullfrogs
  4 glowing shapeshifter simulacra (IceCv)
  3 two-headed ogre simulacra (Orc:2)
  4 scorpions
  A necrophage (D:5)
  7 wights
  6 howler monkeys
  2 vampire bats (Lair:2)
  A centaur zombie (D:9)
  14 orc priests
  4 hounds
  5 jellies
  A gnoll bouda (D:8)
  5 iguanas
  Natasha (thrice) (D:3)
  26 orc wizards
  3 shapeshifter simulacra (IceCv)
  3 troll simulacra (Orc:2)
  A boggart simulacrum (D:15)
  A howler monkey zombie (D:9)
  7 gnolls
  A howler monkey skeleton (D:9)
  2 naga simulacra (Orc:2)
  7 adders
  A shadow imp (D:6)
  4 white imps
  An ufetubus (D:6)
  2 worms (D:2)
  5 dart slugs
  88 orcs
  7 ball pythons
  2 endoplasms
  5 giant cockroaches
  6 goblins
  7 hobgoblins
  14 jackals
  13 kobolds
  4 quokkas
  10 bats
  A frilled lizard (D:1)
  2 rats
  A butterfly (Lair:4)
703 creatures vanquished.

Vanquished Creatures (collateral kills)
  3 death yaks
  A two-headed ogre (D:11)
  A gargoyle (D:10)
  A tarantella (Spider:1)
  A blink frog (Lair:5)
  A dream sheep (Lair:5)
  A steam dragon (D:10)
  6 orc warriors
  A bullfrog (D:8)
  2 orc priests (D:10)
  5 orc wizards
  9 orcs
32 creatures vanquished.

Vanquished Creatures (others)
  A dancing weapon (Spider:2)
  A culicivora (Spider:1)
  An orc wizard (D:5)
  An orc (D:10)
  A fire vortex (Lair:2)
  29 fungi
  19 plants
53 creatures vanquished.

Grand Total: 788 creatures vanquished

Table legend: (Time is in decaauts)
 A = Elapsed time spent in this place.
 B = Non-inter-level travel time spent in this place.
 C = Inter-level travel time spent in this place.
 D = Time resting spent in this place.
 E = Time spent auto-exploring this place.
 F = Levels seen in this place.
 G = Mean time per level.
                   A        B        C        D        E       F      G
               +--------+--------+--------+--------+--------+-----+--------+
         Total |  20605 |  19316 |   1289 |   1180 |  14039 |  26 |  792.5 |
       Dungeon |  12198 |  11252 |    946 |    601 |   8620 |  15 |  813.2 |
          Lair |   5263 |   5002 |    261 |    354 |   3649 |   5 | 1052.6 |
   Spider Nest |   1025 |    981 |     44 |    116 |    655 |   2 |  512.5 |
  Orcish Mines |   1589 |   1553 |     36 |     11 |   1067 |   2 |  794.5 |
      Ice Cave |    416 |    416 |      0 |     98 |     48 |   1 |  416.0 |
       Volcano |    112 |    112 |      0 |      0 |      0 |   1 |  112.0 |
               +--------+--------+--------+--------+--------+-----+--------+

Top non-repeatable levels by time:
  Lair:5: 1311 daAuts
  Lair:2: 1296 daAuts
    D:11: 1221 daAuts
   Orc:2: 1155 daAuts
     D:4: 1064 daAuts
  Lair:4: 1056 daAuts
    D:10: 1020 daAuts
    D:15: 994 daAuts
Spider:1: 947 daAuts
     D:5: 945 daAuts
     D:1: 858 daAuts
    D:14: 841 daAuts
  Lair:3: 820 daAuts
     D:7: 809 daAuts
    D:13: 807 daAuts

Table legend:
 A = Non-vault XP
 B = Vault XP
 C = Vault XP percentage of total XP
 D = Non-vault monster count
 E = Vault monster count
 F = Vault count percentage of total count
                 A         B        C        D         E       F
            +---------+---------+-------+---------+---------+-------
      Total |   90834 |   49828 |  35.4 |     490 |     245 |  33.3
            +---------+---------+-------+---------+---------+-------
        D:1 |      47 |       0 |   0.0 |      25 |       0 |   0.0
        D:2 |      80 |      21 |  20.8 |      22 |       4 |  15.4
        D:3 |     137 |      35 |  20.3 |      14 |       1 |   6.7
        D:4 |     295 |       0 |   0.0 |      18 |       0 |   0.0
        D:5 |     618 |     620 |  50.1 |      22 |       3 |  12.0
        D:6 |    1178 |     663 |  36.0 |      19 |       1 |   5.0
        D:7 |     933 |     415 |  30.8 |       4 |       1 |  20.0
        D:8 |    1912 |       0 |   0.0 |      25 |       0 |   0.0
        D:9 |    3032 |     803 |  20.9 |      27 |       5 |  15.6
       D:10 |    1854 |    1505 |  44.8 |      12 |      17 |  58.6
       D:11 |    6390 |     790 |  11.0 |      23 |       5 |  17.9
       D:12 |    4898 |       0 |   0.0 |      24 |       0 |   0.0
       D:13 |    3095 |    4719 |  60.4 |      10 |       8 |  44.4
       D:14 |    5498 |    3715 |  40.3 |      17 |       4 |  19.0
       D:15 |    8005 |    2708 |  25.3 |      15 |       3 |  16.7
     Lair:1 |    2464 |       0 |   0.0 |      12 |       0 |   0.0
     Lair:2 |    4601 |    2343 |  33.7 |      15 |      17 |  53.1
     Lair:3 |    4938 |       0 |   0.0 |      25 |       0 |   0.0
     Lair:4 |   14186 |     467 |   3.2 |      34 |       1 |   2.9
     Lair:5 |   13913 |   10980 |  44.1 |      43 |      54 |  55.7
   Spider:1 |    7228 |    1422 |  16.4 |      23 |       1 |   4.2
   Spider:2 |    2332 |       0 |   0.0 |       5 |       0 |   0.0
      Orc:1 |    1593 |     588 |  27.0 |      24 |       3 |  11.1
      Orc:2 |    1373 |    7422 |  84.4 |      31 |      82 |  72.6
      IceCv |     234 |    7285 |  96.9 |       1 |      30 |  96.8
    Volcano |       0 |    3327 | 100.0 |       0 |       5 | 100.0
            +---------+---------+-------+---------+---------+-------
